 Dungeon Crawl Stone Soup version 0.16-a0-262-g6fc725f (webtiles) character file.

93 Johnny the Charmwright (level 4, -12/36 HPs)
             Began as a Demigod Skald on Aug 25, 2014.
             Mangled by an iguana (13 damage)
             ... on Level 3 of the Dungeon.
             The game lasted 00:09:40 (4622 turns).

Johnny the Charmwright (Demigod Skald)              Turns: 4622, Time: 00:09:40

HP -12/36        AC  5     Str 17      XL: 4   Next: 15%
MP   5/10        EV 11     Int 16      God:
Gold 180         SH  0     Dex 16      Spells:  2 memorised,  4 levels left

rFire  . . .     SeeInvis .     q - -2 dagger (curse)
rCold  . . .     Clarity  .     b - +0 leather armour
rNeg   . . .     rCorr    .     (no shield)
rPois  .         rRot     .     d - +0 helmet
rElec  .         Spirit   .     (no cloak)
SustAb .         Warding  .     l - +0 pair of gloves
rMut   .         Stasis   .     (no boots)
Gourm  .                        (no amulet)
MR     .....                    (no ring)
                                (no ring)

@: infused, very slightly contaminated, not resistant to hostile enchantments,
very unstealthy
A: no striking features
a: no special abilities


You were on level 3 of the Dungeon.
You were not hungry.

You visited 1 branch of the dungeon, and saw 3 of its levels.

You collected 180 gold pieces.

Inventory:

Hand weapons
 a - a +0 short sword
 q - a cursed -2 dagger (weapon)
Armour
 b - a +0 leather armour (worn)
 d - a +0 helmet (worn)
 h - a +0 robe
 l - a +0 pair of gloves (worn)
 n - a +0 leather armour
Magical devices
 g - a wand of frost (9) {unknown}
Comestibles
 m - a beef jerky
Scrolls
 e - a scroll of identify
 i - a scroll of amnesia
 j - a scroll of magic mapping
 o - a scroll of immolation {unknown}
Potions
 f - a potion of haste {unknown}
 k - a potion of restore abilities
Books
 c - a book of Battle

   Spells                             Type                      Level
   *Infusion                          Charms                       1
   *Shroud of Golubria                Charms/Translocation         2
   Song of Slaying                    Charms                       2
   Spectral Weapon                    Hexes/Charms                 3
   Regeneration                       Charms/Necromancy            3


   Skills:
 + Level 2.1 Fighting
 + Level 2.1 Short Blades
 + Level 2.0 Armour
 + Level 1.6 Dodging
 + Level 0.2 Stealth
 + Level 2.2 Spellcasting
 + Level 3.2 Charms


You had 4 spell levels left.
You knew the following spells:

 Your Spells              Type           Power        Failure   Level  Hunger
a - Infusion              Chrm           ##....       8%          1    #......
b - Shroud of Golubria    Chrm/Tloc      #.........   17%         2    ##.....


Dungeon Overview and Level Annotations

Branches:
Dungeon (3/15)

Annotations:
D:3 inmateoo's ghost, weakling DgWr


Message History

The iguana closely misses you.
You hit the iguana but do no damage.
The iguana is moderately wounded.
The iguana bites you!
Casting: Infusion
Confirm with . or Enter, or press ? or * to list all spells.
You miscast Shroud of Golubria.
You are very lightly contaminated with residual magic.
Nothing appears to happen.
The iguana barely misses you.
You hit the iguana.
The iguana is heavily wounded.
The iguana closely misses you.
You closely miss the iguana.
The iguana is heavily wounded.
The iguana bites you!
* * * LOW HITPOINT WARNING * * *
You hit the iguana but do no damage.
The iguana is heavily wounded.
The iguana bites you!
You die...

. ##.. . ..? ### .
##.. #.. . #... # #.#
. ###..######.#
####.# # #_...._#...
##....# #
#8.l8##.#####..##.###
#!.@..........#.#...
#########......#....
##............
##..#..........
##..##..........
#...............
#...............
#........####...
##......## ##..


You could see an iguana.

Vanquished Creatures
  3 adders (D:2)
  A worm (D:3)
  A giant gecko (D:2)
  An ooze (D:2)
  5 bats
  4 giant cockroaches
  7 goblins
  10 hobgoblins
  4 jackals (D:3)
  A quokka (D:2)
  2 ball pythons
  3 giant newts
  9 kobolds
  7 rats
58 creatures vanquished.

Notes
Turn   | Place    | Note
--------------------------------------------------------------
     0 | D:1      | Johnny, the Demigod Skald, began the quest for the Orb.
     0 | D:1      | Reached XP level 1. HP: 17/17 MP: 3/3
   268 | D:1      | Reached skill level 1 in Armour
   892 | D:1      | Reached XP level 2. HP: 14/24 MP: 4/4
  1061 | D:1      | Learned a level 2 spell: Shroud of Golubria
  1403 | D:1      | Reached skill level 3 in Charms
  1773 | D:1      | Reached skill level 1 in Dodging
  2405 | D:2      | Reached XP level 3. HP: 12/29 MP: 6/8
  3938 | D:3      | Noticed inmateoo's ghost (weakling DgWr)
  4249 | D:3      | Reached XP level 4. HP: 36/36 MP: 3/10
  4604 | D:3      | Found an iron altar of Okawaru.
  4608 | D:3      | Found a radiant altar of Vehumet.
  4621 | D:3      | HP: 1/36 [iguana (12)]
  4622 | D:3      | Mangled by an iguana

Action                   |  1- 3 |  4- 6 || total
-------------------------+-------+-------++-------
Melee: Short sword       |   204 |       ||   204
       Dagger            |    28 |    55 ||    83
 Cast: Infusion          |    17 |     3 ||    20
       Shroud of Golubri |     2 |     1 ||     3
  Use: Scroll            |     7 |       ||     7
       Potion            |     2 |       ||     2
  Eat: Chunk             |     6 |       ||     6
       Bread ration      |     2 |       ||     2
